 Dungeon Crawl Stone Soup version 0.28-a0-1087-gf3fc490d9d (webtiles) character file.

Game seed: 2647739369883796235

165 RepHenryClay the Stinger (level 5, -1/43 (46) HPs)
             Began as an Octopode Venom Mage on Dec 10, 2021.
             Slain by a gnoll (6 damage)
             ... on level 4 of the Dungeon.
             The game lasted 00:05:48 (3908 turns).

RepHenryClay the Stinger (Octopode Venom Mage)      Turns: 3908, Time: 00:05:49

HP:   -1/43 (46)    AC: 22    Str:  5 (8)  XL:     5   Next: 46%
MP:   4/8           EV:  2    Int: 16 (19) God:
Gold: 131           SH:  0    Dex: 11 (12) Spells: 2/8 levels left

rFire   + . .      SeeInvis .   i - staff of fire
rCold   . . .      Faith    .   (no shield)
rNeg    . . .      Spirit   .   (helmet currently unavailable)
rPois   +          Reflect  .   (no amulet)
rElec   .          Harm     .   (no ring)
rCorr   .          Rampage  .   (no ring)
Will    .....      NoTele   +   (no ring)
Stlth   ++........              (no ring)
HPRegen 0.14/turn               (no ring)
MPRegen 0.11/turn               (no ring)
                                (no ring)
                                (no ring)

@: tree-form, attractive, drained
A: stationary, stasis, torment immunity, boosted hp, almost no armour,
(amphibious), 8 rings, (camouflage 1), (gelatinous body 1), (nimble swimmer 1),
(tentacles)
a: no special abilities


You were on level 4 of the Dungeon.
You were a tree.
You visited 1 branch of the dungeon, and saw 4 of its levels.

You collected 131 gold pieces.

Inventory:

Missiles
 g - 2 throwing nets
Magical Staves
 i - a staff of fire (weapon)
Wands
 j - a wand of polymorph (10)
Scrolls
 a - 4 scrolls of identify {unknown}
 c - a scroll of magic mapping {unknown}
 f - a scroll of enchant weapon {unknown}


   Skills:
 - Level 2.1 Dodging
 - Level 3.0 Stealth
 - Level 2.1 Spellcasting
 + Level 2.7 Conjurations
 - Level 2.1 Transmutations
 + Level 2.6 Air Magic
 - Level 4.0 Poison Magic


You had 2 spell levels left.
You knew the following spells:

 Your Spells              Type           Power      Damage    Failure   Level
a - Sting                 Tmut/Pois      44%        1d5       6%          1
b - Poisonous Vapours     Pois/Air       24%        N/A       8%          2
c - Mephitic Cloud        Conj/Pois/Air  11%        N/A       17%         3

Your spell library contained the following spells:

 Spells                   Type           Power      Damage    Failure   Level
 Passwall                 Tmut/Erth      4%         N/A       21%         2
 Swiftness                Air            10%        N/A       21%         3
 Olgreb's Toxic Radiance  Pois           14%        N/A       36%         4
 Gell's Gravitas          Tloc           1%         N/A       52%         3
 Teleport Other           Tloc           1%         N/A       52%         3
 Dispersal                Tloc           0%         N/A       100%        6


Dungeon Overview and Level Annotations

Branches:
Dungeon (4/15)
 Temple: D:4-7

Altars:
Gozag

Annotations:
D:4 exclusion: phantom


Innate Abilities, Weirdness & Mutations

You are a tree.
Your roots penetrate the ground, keeping you stationary.
You cannot be teleported.
You are immune to unholy pain and torment.
Your maximum health is greatly increased.
You cannot wear most types of armour.
((You are amphibious.))
You can wear up to eight rings at the same time.
((Your skin changes colour to match your surroundings (Stealth+).))
((Your rubbery body absorbs attacks. (AC +1, EV +1)))
((You are camouflaged near water. (Stealth+)))
((You have tentacles for arms and can constrict up to eight enemies at once.))


Message History

Aiming: Sting (safe; 6% risk of failure)
Press: ? - help, Shift-Dir - straight line, f - hobgoblin
Aim: a hobgoblin, wielding a +0 dagger of draining (wandering, hasn't noticed you, 71% to hit)
The sting hits the hobgoblin.
The hobgoblin is poisoned.
The hobgoblin is moderately wounded.
The hobgoblin shouts!
You hear a shout! x4
The hobgoblin hits you but does no damage.
You feel drained.
You hear a shout!
Casting: Sting (safe; 6% risk of failure)
Confirm with . or Enter, or press ? or * to list all spells.
Aiming: Sting (safe; 6% risk of failure)
Press: ? - help, Shift-Dir - straight line, f/p - hobgoblin
Aim: a hobgoblin, wielding a +0 dagger of draining (moderately wounded, poisoned, 71% to hit)
The sting hits the hobgoblin but does no damage.
The hobgoblin looks even sicker.
The hobgoblin is moderately wounded.
The hobgoblin hits you but does no damage.
You feel drained.
A goblin comes into view. It is wielding a +0 dagger.
The goblin is attracted toward you.
Casting: Sting (safe; 6% risk of failure)
Confirm with . or Enter, or press ? or * to list all spells.
Aiming: Sting (safe; 6% risk of failure)
Press: ? - help, Shift-Dir - straight line, f/p - hobgoblin
Aim: a hobgoblin, wielding a +0 dagger of draining (almost dead, very poisoned, 71% to hit)
The sting hits the hobgoblin.
The hobgoblin looks even sicker.
You kill the hobgoblin!
The goblin hits you but does no damage.
A gnoll comes into view. It is wielding a +0 whip.
The gnoll is attracted toward you.
Casting: Sting (safe; 6% risk of failure)
Confirm with . or Enter, or press ? or * to list all spells.
Aiming: Sting (safe; 6% risk of failure)
Press: ? - help, Shift-Dir - straight line, f - gnoll
Aim: a gnoll, wielding a +0 whip (75% to hit)
The sting hits the gnoll.
The gnoll is poisoned.
The gnoll is lightly wounded.
The goblin barely misses you. The gnoll hits you with a +0 whip.
You die...

## ###. .. ##... ..#
##....## #.#
.#......###.#
#..§...g.##.##
#..g♣.....### #...
#...........### #....
#.............####....
#)...?...>......#.....
#.....................
#.....................
#.....................
#.........#...........
#.........#####.......


You could see a gnoll (poisoned) and a goblin.

Vanquished Creatures
  A bullfrog skeleton (D:4)
  6 adders
  3 gnolls (D:1)
  4 bats
  9 endoplasms
  3 giant cockroaches
  2 goblins (D:2)
  4 hobgoblins
  6 jackals
  A quokka (D:1)
  7 ball pythons
  2 frilled lizards
  7 kobolds
  3 rats
58 creatures vanquished.

Vanquished Creatures (others)
  9 plants (D:1)
9 creatures vanquished.

Grand Total: 67 creatures vanquished

Notes
Turn   | Place    | Note
-------+----------+-------------------------------------------
     0 | D:1      | RepHenryClay the Octopode Venom Mage began the quest for
                  | the Orb.
     0 | D:1      | Reached XP level 1. HP: 11/11 MP: 3/3
    31 | D:1      | Reached XP level 2. HP: 17/17 MP: 1/5
   285 | D:1      | Reached skill level 4 in Poison Magic
   565 | D:1      | Reached XP level 3. HP: 21/21 MP: 0/6
   670 | D:1      | Learned a level 2 spell: Poisonous Vapours
   674 | D:1      | Learned a level 3 spell: Mephitic Cloud
  1220 | D:1      | Reached skill level 1 in Conjurations
  1220 | D:1      | Reached skill level 1 in Air Magic
  1314 | D:2      | Found a faded altar of an unknown god.
  1405 | D:2      | Reached XP level 4. HP: 25/27 MP: 3/7
  3139 | D:3      | Reached XP level 5. HP: 31/31 MP: 3/8
  3452 | D:3      | Found an opulent altar of Gozag.
  3769 | D:4      | Noticed a phantom
  3884 | D:4      | HP: 1/31 [bullfrog skeleton (6)]
  3908 | D:4      | Slain by a gnoll

Illustrated notes

Levels and vault maps discovered:
D:1:      denvon_arrival_planthouse, layout_loops_ring, st_stairs_7
D:2:      layout_loops_ring, dreamdust_ecumenical_altar_statues
D:3:      layout_basic, mainiacjoe_overflow_six_doors_small
D:4:      layout_cave_pods, minmay_temple_entry_glass,
          gammafunk_ghost_necromancy, serial_shops, shop

Skill      XL: |  1  2  3  4 |
---------------+-------------+-----
Stealth        | 3 |  3.0
Poison Magic   | 4 |  4.0
Transmutations | 2 |  2.1
Conjurations   | 1 2 |  2.7
Air Magic      | 1 2 |  2.6
Dodging        | |  2.1
Spellcasting   | |  2.1

Action                   |  1- 3 |  4- 6 || total
-------------------------+-------+-------++-------
Melee: Unarmed           |     4 |     6 ||    10
       Constrict         |     2 |     3 ||     5
       Tentacles         |       |     4 ||     4
       Staff             |       |     5 ||     5
 Cast: Sting             |    47 |    75 ||   122
  Use: Potion            |       |     4 ||     4
 Stab: Sleeping          |       |     1 ||     1
Armor: Skin              |     3 |     6 ||     9
Dodge: Dodged            |    12 |    25 ||    37

Table legend: (Time is in decaauts)
 A = Elapsed time spent in this place.
 B = Non-inter-level travel time spent in this place.
 C = Inter-level travel time spent in this place.
 D = Time resting spent in this place.
 E = Time spent auto-exploring this place.
 F = Levels seen in this place.
 G = Mean time per level.
                   A        B        C        D        E       F      G
               +--------+--------+--------+--------+--------+-----+--------+
         Total |   3908 |   3844 |     64 |    207 |   3126 |   4 |  977.0 |
       Dungeon |   3908 |   3844 |     64 |    207 |   3126 |   4 |  977.0 |
               +--------+--------+--------+--------+--------+-----+--------+

Top non-repeatable levels by time:
     D:2: 1329 daAuts
     D:1: 1285 daAuts
     D:3: 1145 daAuts
     D:4: 148 daAuts
